 Dungeon Crawl Stone Soup version 0.31-a0-4-gefa6de2278 (webtiles) character file.

Game seed: 7310472674914311309

12 subawu the Sneak (level 2, -1/15 HPs)
             Began as a Kobold Enchanter on May 4, 2023.
             Slain by a dart slug (2 damage)
             ... on level 1 of the Dungeon.
             The game lasted 00:01:47 (527 turns).

subawu the Sneak (Kobold Enchanter)                  Turns: 527, Time: 00:01:48

Health: -1/15      AC:  2    Str:  5    XL:     2   Next: 45%
Magic:  5/5        EV: 15    Int: 16    God:
Gold:   27         SH:  0    Dex: 15    Spells: 5/5 levels left

rFire   . . .        a - +1 dagger
rCold   . . .        (no shield)
rNeg    . . .        b - +0 robe
rPois   .            (no helmet)
rElec   .            (no cloak)
rCorr   .            (no gloves)
SInv    .            (no boots)
Will    .....        (no amulet)
Stlth   ++++         (no ring)
HPRegen 0.22/turn    (no ring)
MPRegen 0.09/turn

%: no passive effects
@: no status effects
A: small, no large weapons, nightstalker 3
a: no special abilities


You were on level 1 of the Dungeon.
You visited 1 branch of the dungeon, and saw 1 of its levels.

You collected 27 gold pieces.

Inventory:

Hand Weapons
 a - a +1 dagger (weapon)
Armour
 b - a +0 robe (worn)
 g - a +0 pair of gloves
Magical Staves
 e - a staff of earth
Scrolls
 d - a scroll of immolation {unknown}
 f - a scroll of enchant armour {unknown}
Potions
 c - 2 potions of invisibility
 h - a potion of mutation {unknown}
 i - 2 potions of curing {unknown}


   Skills:
 + Level 1.5 Short Blades
 + Level 2.6 Dodging
 + Level 4.5 Stealth
 + Level 2.3 Spellcasting
 + Level 3.1 Hexes


You had 5 spell levels left.
You didn't know any spells.
Your spell library contained the following spells:

 Spells                   Type           Power      Damage    Failure   Level
 Ensorcelled Hibernation  Hex/Ice        12%        N/A       16%         2
 Confusing Touch          Hex            11%        N/A       17%         3
 Tukima's Dance           Hex            11%        N/A       17%         3
 Dazzling Flash           Conj/Hex       12%        N/A       32%         3


Dungeon Overview and Level Annotations

Branches:
Dungeon (1/15)

Altars:


Innate Abilities, Weirdness & Mutations

You are small and have problems with some larger weapons.
You are completely attuned to the shadows.


Message History

You barely miss the frilled lizard. The frilled lizard bites you.
The dart slug bites you but does no damage.
You barely miss the frilled lizard. The frilled lizard bites you.
You closely miss the frilled lizard. The dart slug launches a dart at you.
The slug dart misses you. The frilled lizard misses you.
You barely miss the frilled lizard.
The hobgoblin shouts!
You hit the frilled lizard.
You kill the frilled lizard!
The dart slug launches a dart at you. The slug dart misses you.
The hobgoblin closely misses you.
A rat comes into view.
The dart slug launches a dart at you. The slug dart misses you.
You hit the dart slug.
The dart slug is moderately wounded.
The hobgoblin closely misses you.
You hit the dart slug.
The dart slug is severely wounded.
The hobgoblin hits you but does no damage.
The dart slug bites you but does no damage.
You hit the dart slug.
The dart slug is severely wounded.
The hobgoblin misses you. The dart slug bites you.
You hit the dart slug but do no damage.
The dart slug is severely wounded.
The rat bites you but does no damage. The hobgoblin hits you.
You hit the dart slug.
The dart slug is almost dead.
The hobgoblin closely misses you. The dart slug launches a dart at you.
The slug dart hits you. The rat bites you.
You hit the dart slug but do no damage.
The dart slug is almost dead.
The hobgoblin hits you.
* * * LOW HITPOINT WARNING * * *
The rat closely misses you. The dart slug bites you.
You die...

#.#...#..).......#####
#.#...#..............#
#.#####..............#
##.### #..............#
#....# #..............#
#....##################
###...........
........!g...[
######..@w....
#..r..... .........=
.......... ...#####..


You could see a dart slug, a hobgoblin and a rat.

Vanquished Creatures
  An endoplasm (D:1)
  2 giant cockroaches (D:1)
  2 goblins (D:1)
  3 kobolds (D:1)
  2 frilled lizards (D:1)
  2 rats (D:1)
12 creatures vanquished.

Vanquished Creatures (others)
  2 plants (D:1)
2 creatures vanquished.

Grand Total: 14 creatures vanquished

Notes
Turn   | Place    | Note
-------+----------+-------------------------------------------
     0 | D:1      | subawu the Kobold Enchanter began the quest for the Orb.
     0 | D:1      | Reached XP level 1. HP: 10/10 MP: 3/3
   329 | D:1      | Reached XP level 2. HP: 11/15 MP: 5/5
   527 | D:1      | Slain by a dart slug

Illustrated notes

Levels and vault maps discovered:
D:1:      tarquinn_simple_flora_water_c, layout_basic

Action                     || total
---------------------------++-------
  Melee: Dagger            ||    45
   Stab: Sleeping          ||     6
 Armour: Robe              ||    10
  Dodge: Dodged            ||    29

Table legend: (Time is in decaauts)
 A = Elapsed time spent in this place.
 B = Non-inter-level travel time spent in this place.
 C = Inter-level travel time spent in this place.
 D = Time resting spent in this place.
 E = Time spent auto-exploring this place.
 F = Levels seen in this place.
 G = Mean time per level.
                   A        B        C        D        E       F      G
               +--------+--------+--------+--------+--------+-----+--------+
         Total |    526 |    526 |      0 |      0 |      0 |   1 |  526.0 |
       Dungeon |    526 |    526 |      0 |      0 |      0 |   1 |  526.0 |
               +--------+--------+--------+--------+--------+-----+--------+

Top non-repeatable levels by time:
     D:1: 526 daAuts
